 Dungeon Crawl Stone Soup version 0.31-a0-232-gb1c03b2570 (webtiles) character file.

Game seed: 14164383923940036599

17 qw the Shooter (level 2, -1/16 HPs)
             Began as a Gargoyle Hexslinger on July 7, 2023.
             Slain by a gnoll
             ... wielding a +0 halberd
              (7 damage)
             ... on level 2 of the Dungeon.
             The game lasted 00:00:16 (1171 turns).

qw the Shooter (Gargoyle Hexslinger)                Turns: 1171, Time: 00:00:16

Health: -1/16      AC:  5    Str: 11    XL:     2   Next: 62%
Magic:  3/3        EV: 12    Int: 13    God:
Gold:   26         SH:  0    Dex: 12    Spells: 2/3 levels left

rFire   . . .        Y - +1 sling
rCold   . . .        (no shield)
rNeg    + . .        c - +0 robe
rPois   inf          (no helmet)
rElec   +            (no cloak)
rCorr   .            i - +0 pair of gloves
SInv    .            (no boots)
Will    .....        (no amulet)
Stlth   +            (no ring)
HPRegen 0.22/turn    (no ring)
MPRegen 0.08/turn

%: no passive effects
@: no status effects
A: sickness immunity, AC +2, negative energy resistance 1, electricity
resistance, torment resistance 1, petrification resistance
a: no special abilities


You were on level 2 of the Dungeon.
You visited 1 branch of the dungeon, and saw 2 of its levels.

You collected 65 gold pieces.
You spent 39 gold pieces at shops.


Innate Abilities, Weirdness & Mutations

You are immune to sickness and miasma.
Your stone body is resilient. (AC +2)
You are immune to poison.
You resist negative energy. (rN+)
You are resistant to electric shocks. (rElec)
You are resistant to unholy torment.
You are immune to petrification.


   Skills:
 + Level 1.4 Fighting
 - Level 3.0 Ranged Weapons
 - Level 1.5 Dodging
 - Level 1.0 Spellcasting
 - Level 2.6 Hexes


You had 2 spell levels left.
You knew the following spells:

 Your Spells              Type           Power      Damage    Failure   Level
a - Slow                  Hex            28%        N/A       10%         1

Your spell library contained the following spells:

 Spells                   Type           Power      Damage    Failure   Level
 Inner Flame              Hex/Fire       4%         N/A       43%         3
 Portal Projectile        Hex/Tloc       8%         N/A       43%         3
 Cause Fear               Hex            3%         N/A       67%         4

Inventory:

Hand Weapons
 Y - a +1 sling (weapon)
Armour
 c - a +0 robe (worn)
 i - a +0 pair of gloves (worn)
Scrolls
 a - 2 scrolls of teleportation
 e - a scroll of identify
Potions
 b - a potion of haste {unknown}
 d - a potion of mutation {unknown}
 g - 2 potions of enlightenment {unknown}

Dungeon Overview and Level Annotations

Branches:
Dungeon (2/15)

Altars:

Shops:
D:2 :*


Message History

Enter note:
Enter note:
Enter note:
Enter note: You now have 26 gold pieces (gained 15).
You see here a +0 short sword. 3 gnolls come into view.
Found a sling.
The gnoll shouts! x3
The gnoll moves out of view.
Enter note:
Enter note:
Enter note:
Enter note:
Enter note:
Enter note:
Enter note:
Enter note:
Enter note: You shoot a sling bullet.
The sling bullet hits the gnoll.
The gnoll is lightly wounded.
You shoot a sling bullet.
The sling bullet closely misses the gnoll.
The gnoll hits you with a +0 whip.
You shoot a sling bullet. The sling bullet hits the gnoll.
The gnoll is heavily wounded.
The gnoll hits you with a +0 whip.
You shoot a sling bullet. The sling bullet hits the gnoll.
The gnoll is heavily wounded.
The gnoll barely misses you.
You shoot a sling bullet. The sling bullet hits the gnoll.
The gnoll is almost dead.
The gnoll closely misses you.
The gnoll hits you from afar with a +0 halberd.
The gnoll barely misses you.
You shoot a sling bullet. The sling bullet hits the gnoll.
You kill the gnoll!
The gnoll hits you with a +0 whip.
The gnoll hits you from afar with a +0 halberd!
You die...

#(## #.###.###.# #.# #.#
#.# #.........# #.# #.# #.#
#####.##### #.####.. #.#
#.#.#### # #.# #..#.##
####)########.###.#
#..............#..#
###....###..#####...####..
'.........@g............+..
####....###).#####...####..
#(.#.# g.# #.#'#.# #.
#.##.# ...##...### #. #.
#.# .#.+......# #. #. #.#
)###..\..######. ...
.##......+....#. #.
#####...##..#...
#'#.#.......


You could see 2 gnolls.

Vanquished Creatures
  A gnoll (D:2)
  A worm (D:2)
  An endoplasm (D:2)
  3 goblins
  2 hobgoblins (D:2)
  A kobold (D:1)
  A bat (D:1)
  4 frilled lizards
  A rat (D:2)
15 creatures vanquished.

Notes
Turn   | Place    | Note
-------+----------+-------------------------------------------
     0 | D:1      | qw the Gargoyle Hexslinger began the quest for the Orb.
     0 | D:1      | Reached XP level 1. HP: 12/12 MP: 2/2
     0 | D:1      | 0 ||| qw: Version: 0.3-a-46-gb1f654a
     0 | D:1      | 0 ||| qw: Game counter: 2826
     0 | D:1      | 0 ||| qw: Melee chars always use a shield: true
     0 | D:1      | 0 ||| qw: God list: Okawaru
     0 | D:1      | 0 ||| qw: Allow faded altars: false
     0 | D:1      | 0 ||| qw: Do Orc after clearing Dungeon:15 true
     0 | D:1      | 0 ||| qw: Do second Lair branch before Depths: true
     0 | D:1      | 0 ||| qw: Lair rune preference: random
     0 | D:1      | 0 ||| qw: Goals: Normal
     0 | D:1      | 0 ||| PLANNING D:1-11
   685 | D:1      | 685 ||| UPGRADING to +0 pair of gloves.
   690 | D:1      | 690 ||| READING scroll labelled BYILLI KOSI.
   691 | D:1      | 691 ||| READING 2 scrolls labelled AJORUKLENAUKH.
   692 | D:1      | 692 ||| READING scroll labelled YTRUMYPHYH.
   693 | D:1      | 693 ||| READING scroll labelled NUASOPP IJAOFF.
   696 | D:1      | 696 ||| DROPPING scroll of poison.
   713 | D:2      | Found Plog's General Store.
   715 | D:2      | Reached XP level 2. HP: 16/16 MP: 3/3
   731 | D:2      | 731 ||| SHOPLISTING potion of cancellation (104 gold, have
                  | 39).
   731 | D:2      | 731 ||| SHOPLISTING potion of haste (130 gold, have 39).
   731 | D:2      | 731 ||| BUYING scroll of teleportation (39 gold).
   731 | D:2      | Bought a scroll of teleportation for 39 gold pieces
   761 | D:2      | Found Haigil's Book Emporium.
   866 | D:2      | Reached skill level 3 in Ranged Weapons
  1171 | D:2      | Slain by a gnoll

Levels and vault maps discovered:
D:1:      dpeg_arrival_more_subterranean_lakeside_camping, layout_basic,
          bh_walls_and_bars
D:2:      layout_loops_corners, serial_shops, shop, nicolae_shop_rolling_square,
          chequers_jeans

Skill      XL: |  1  2 |
---------------+-------+-----
Ranged Weapons | 3 |  3.0
Fighting       | |  1.4
Dodging        | |  1.5
Spellcasting   | |  1.0
Hexes          | |  2.6

Action                     || total
---------------------------++-------
   Fire: Sling             ||    49
    Use: Scroll            ||     4
 Armour: Robe              ||     4
  Dodge: Dodged            ||    14

Table legend:
 A = Non-vault XP
 B = Vault XP
 C = Vault XP percentage of total XP
 D = Non-vault monster count
 E = Vault monster count
 F = Vault count percentage of total count
                 A         B        C        D         E       F
            +---------+---------+-------+---------+---------+-------
      Total |      39 |       0 |   0.0 |      15 |       0 |   0.0
            +---------+---------+-------+---------+---------+-------
        D:1 |       9 |       0 |   0.0 |       6 |       0 |   0.0
        D:2 |      30 |       0 |   0.0 |       9 |       0 |   0.0
            +---------+---------+-------+---------+---------+-------
